 Dungeon Crawl Stone Soup version 0.32-a0-675-gdc239d62e1 (webtiles) character file.

Game seed: 9815257962442039490

604 jasper the Digger (level 7, -4/40 HPs)
             Began as a Deep Elf Earth Elementalist on Mar 11, 2024.
             Was an Initiate of Vehumet.
             Slain by an ogre
             ... wielding a +0 giant club
              (27 damage)
             ... on level 5 of the Dungeon.
             The game lasted 00:06:26 (4120 turns).

jasper the Digger (Deep Elf Earth Elementalist)     Turns: 4120, Time: 00:06:27

Health: -4/40      AC:  6    Str:  5    XL:     7   Next: 18%
Magic:  1/13       EV: 15    Int: 28    God:    Vehumet [......]
Gold:   307        SH:  0    Dex: 21    Spells: 4/12 levels left

rFire   . . .        r - +2 dagger (venom)
rCold   . . .        (no shield)
rNeg    . . .        a - +0 robe
rPois   .            t - +0 helmet
rElec   .            y - +1 cloak
rCorr   .            b - +0 pair of gloves
SInv    .            (no boots)
Will    .....        (no amulet)
Stlth   ++           d - +6 ring of intelligence
HPRegen 0.26/turn    o - +6 ring of dexterity
MPRegen 0.13/turn

%: no passive effects
@: very slightly contaminated
A: no striking features
a: Renounce Religion


You were on level 5 of the Dungeon.
You worshipped Vehumet.
Vehumet was noncommittal.
You visited 2 branches of the dungeon, and saw 6 of its levels.

You collected 307 gold pieces.

Inventory:

Hand Weapons
 k - a +0 hand axe
 l - a +0 falchion
 p - a +0 rapier
 r - a +2 dagger of venom (weapon)
Missiles
 n - 43 stones
 w - 3 boomerangs
Armour
 a - a +0 robe (worn)
 b - a +0 pair of gloves (worn)
 t - a +0 helmet (worn)
 y - a +1 cloak (worn)
Jewellery
 d - a +6 ring of intelligence (left hand)
 o - a +6 ring of dexterity (right hand)
 q - a ring of poison resistance
 C - a ring of wizardry
Scrolls
 e - a scroll of immolation {unknown}
 f - a scroll of torment {unknown}
 g - 2 scrolls of teleportation {unknown}
 i - a scroll of vulnerability {unknown}
 j - 2 scrolls of fear {unknown}
 m - 2 scrolls of enchant weapon {unknown}
 u - a scroll of brand weapon {unknown}
 v - a scroll of noise {unknown}
 z - 2 scrolls of enchant armour {unknown}
Potions
 c - 2 potions of heal wounds {unknown}
 h - 2 potions of haste {unknown}
 s - 2 potions of curing {unknown}
 x - 2 potions of experience {unknown}
 A - a potion of mutation {unknown}
 B - a potion of attraction {unknown}
 D - a potion of cancellation {unknown}


   Skills:
 + Level 2.5 Fighting
 + Level 4.7 Dodging
 - Level 2.4 Stealth
 - Level 3.0 Spellcasting
 - Level 2.8 Conjurations
 * Level 6.8 Earth Magic


You had 4 spell levels left.
You knew the following spells:

 Your Spells              Type           Power      Damage    Failure   Level
a - Sandblast             Erth           84%        2d18      1%          1
b - Passwall              Erth           42%        N/A       1%          3
c - Stone Arrow           Conj/Erth      62%        3d10      3%          3
d - Apportation           Tloc           8%         N/A       9%          1

Your spell library contained the following spells:

 Spells                   Type           Power      Damage    Failure   Level
 Brom's Barrelling Bould  Conj/Erth      31%        2d5       11%         4
 Jinxbite                 Hex            8%         N/A       12%         2
 Petrify                  Alch/Erth      23%        N/A       21%         4
 Alistair's Intoxication  Alch           2%         N/A       92%         5


Dungeon Overview and Level Annotations

Branches:
Dungeon (5/15)             Temple (1/1) D:4

Altars:
Ashenzari
Dithmenos
Fedhas
Hepliaklqana
Makhleb
Nemelex Xobeh
Okawaru
Ru
Vehumet
Wu Jian
Xom
Yredelemnul
Zin
The Shining One


Message History

You take 2 damage, and have 38/40 hp.
You now have 8/13 mp.
Casting: Stone Arrow (dangerous; 3% risk of failure)
Confirm with . or Enter, or press ? or * to list all spells.
Aiming: Stone Arrow (dangerous; 3% risk of failure)
Press: ? - help, Shift-Dir - straight line, f/p - ogre
Aim: an ogre, wielding a +0 giant club (severely wounded, 88% to hit)
You miscast Stone Arrow.
You are very lightly contaminated with residual magic.
Nothing appears to happen.
An orc comes into view. It is wielding a +0 flail.
Something hits you.
You take 2 damage, and have 36/40 hp.
You now have 5/13 mp.
Casting: Stone Arrow (dangerous; 3% risk of failure)
Confirm with . or Enter, or press ? or * to list all spells.
Aiming: Stone Arrow (dangerous; 3% risk of failure)
Press: ? - help, Shift-Dir - straight line, f/p - ogre
Aim: an ogre, wielding a +0 giant club (severely wounded, 88% to hit)
You miscast Stone Arrow.
Nothing appears to happen.
Something hits you but does no damage.
You now have 2/13 mp.
Okay, then.
Aiming: Sandblast (safe; 1% risk of failure)
Press: ? - help, Q - select action, (/) - cycle Shift-Dir - straight line, f/p - ogre
Aim: an ogre, wielding a +0 giant club (severely wounded, 93% to hit)
The blast of sand hits something!!
Vehumet accepts your kill.
Reactivating autopickup.
You feel a bit more experienced. The orc wizard casts a spell at you.
The puff of flame hits you but does no damage.
The ogre hits you with a +0 giant club!
You take 13 damage, and have 23/40 hp.
MASSIVE DAMAGE!!
Aiming: Sandblast (safe; 1% risk of failure)
Press: ? - help, Q - select action, (/) - cycle Shift-Dir - straight line, f/p - ogre
Aim: an ogre, wielding a +0 giant club (severely wounded, 93% to hit)
The blast of sand hits the ogre!
The ogre is almost dead.
The ogre hits you with a +0 giant club!!
Ouch! That really hurt!
You die...

#...###.#####
###.....##
##.....#########
####.........(.
##..##......
#..........
#..##...... ##[#
..... #@# ....
#O# ...


.oo .. ##.o. . ##... ...# ..## ... You could see an ogre, an orc wizard and 2
orcs.

Vanquished Creatures
  An ogre (D:4)
  A scorpion (D:4)
  A jelly (D:4)
  An orc priest (D:4)
  3 hounds
  3 orc wizards
  Natasha (thrice) (D:2)
  Robin (D:3)
  5 adders
  A white imp (D:5)
  3 ribbon worms
  2 dart slugs (D:4)
  2 orcs (D:4)
  5 bats
  5 endoplasms
  8 giant cockroaches
  23 goblins
  7 hobgoblins
  4 jackals (D:1)
  2 quokkas (D:2)
  A ball python (D:4)
  3 frilled lizards
  6 kobolds
  8 rats
99 creatures vanquished.

Notes
Turn   | Place    | Note
-------+----------+-------------------------------------------
     0 | D:1      | jasper the Deep Elf Earth Elementalist began the quest for
                  | the Orb.
     0 | D:1      | Reached XP level 1. HP: 10/10 MP: 6/6
   219 | D:1      | Reached XP level 2. HP: 13/15 MP: 2/8
  1033 | D:2      | Reached skill level 4 in Earth Magic
  1102 | D:2      | Noticed Natasha
  1104 | D:2      | Killed Natasha
  1105 | D:2      | Reached XP level 3. HP: 19/19 MP: 6/9
  1109 | D:2      | Learned a level 3 spell: Passwall
  1113 | D:2      | Learned a level 3 spell: Stone Arrow
  1275 | D:2      | Noticed Natasha
  1279 | D:2      | Killed Natasha
  1280 | D:2      | Reached XP level 4. HP: 24/24 MP: 7/10
  1354 | D:2      | Learned a level 1 spell: Apportation
  1503 | D:2      | Noticed Natasha
  1510 | D:2      | Killed Natasha
  1704 | D:3      | Reached skill level 1 in Fighting
  1718 | D:3      | Reached skill level 5 in Earth Magic
  1813 | D:3      | Reached XP level 5. HP: 29/29 MP: 9/11
  2304 | D:3      | Noticed Robin
  2310 | D:3      | Killed Robin
  2877 | D:3      | Found a burning altar of Makhleb.
  2986 | D:4      | Noticed an ogre
  2993 | D:4      | Killed an ogre
  2994 | D:4      | Reached XP level 6. HP: 11/35 MP: 1/12
  3109 | D:4      | Reached skill level 6 in Earth Magic
  3816 | D:4      | Reached XP level 7. HP: 40/40 MP: 10/13
  3902 | D:4      | Found a staircase to the Ecumenical Temple.
  3909 | Temple   | Entered the Ecumenical Temple
  3920 | Temple   | Became a worshipper of Vehumet
  4069 | D:5      | Entered Level 5 of the Dungeon
  4120 | D:5      | Slain by an ogre

Illustrated notes

Levels and vault maps discovered:
D:1:      beargit_arrival_diablo_church, layout_loops_ring
D:2:      layout_rooms, minmay_quantized, uniq_natasha
D:3:      layout_loops_corners, lightli_temple_of_fire, uniq_robin
D:4:      minmay_evil_eye, layout_basic, minmay_temple_entry_fiery,
          nrook_campfire, minmay_ogre_servants
D:5:      layout_rooms, minmay_fire_ice_demons
Temple:   compressed_dpeg_triangle_lava_temple

Skill      XL: |  1  2  3  4  5  6 |
---------------+-------------------+-----
Conjurations   | 2 |  2.8
Earth Magic    | 4 5 6 |  6.8
Dodging        | 3 4 |  4.7
Fighting       | 1 2 |  2.5
Stealth        | |  2.4
Spellcasting   | |  3.0

Action                     |  1- 3 |  4- 6 |  7- 9 || total
---------------------------+-------+-------+-------++-------
  Melee: Dagger            |       |    11 |       ||    11
   Cast: Sandblast         |    39 |    78 |     8 ||   125
         Stone Arrow       |       |    12 |     1 ||    13
    Use: Potion            |       |     1 |       ||     1
 Armour: Robe              |    10 |    22 |     6 ||    38
  Dodge: Dodged            |     5 |    10 |       ||    15

Table legend: (Time is in decaauts)
 A = Elapsed time spent in this place.
 B = Non-inter-level travel time spent in this place.
 C = Inter-level travel time spent in this place.
 D = Time resting spent in this place.
 E = Time spent auto-exploring this place.
 F = Levels seen in this place.
 G = Mean time per level.
                   A        B        C        D        E       F      G
               +--------+--------+--------+--------+--------+-----+--------+
         Total |   4179 |   3914 |    265 |     81 |   3288 |   6 |  696.5 |
       Dungeon |   4159 |   3903 |    256 |     81 |   3288 |   5 |  831.8 |
        Temple |     20 |     11 |      9 |      0 |      0 |   1 |   20.0 |
               +--------+--------+--------+--------+--------+-----+--------+

Top non-repeatable levels by time:
     D:3: 1396 daAuts
     D:4: 1053 daAuts
     D:1: 860 daAuts
     D:2: 794 daAuts
     D:5: 53 daAuts
  Temple: 20 daAuts
